 Dungeon Crawl Stone Soup version 0.32-a0-314-g526f7d4993 (webtiles) character file.

Game seed: 1627832307025968767

80 HC7 the Magician (level 4, 0/39 HPs)
             Began as a Troll Hedge Wizard on Feb 15, 2024.
             Slain by an orc priest
             ... wielding a +0 mace
              (5 damage)
             ... on level 3 of the Dungeon.
             The game lasted 00:07:22 (1297 turns).

HC7 the Magician (Troll Hedge Wizard)               Turns: 1297, Time: 00:07:23

Health: 0/39       AC:  4    Str: 18    XL:     4   Next: 18%
Magic:  4/6        EV: 10    Int: 10    God:
Gold:   72         SH:  0    Dex: 17    Spells: 4/7 levels left

rFire   . .          .
                       - Unarmed
rCold   . . .        (no shield)
rNeg    . . .        b - +0 robe
rPois   .            c - +0 hat
rElec   .            (no cloak)
rCorr   .            (gloves unavailable)
SInv    +            (boots unavailable)
Will    +....        (no amulet)
Stlth   ++           i - +6 ring of dexterity
HPRegen 1.06/turn    (no ring)
MPRegen 0.10/turn

%: no passive effects
@: no status effects
A: large, unfitting armour, claws 3, regeneration 1, shaggy fur 1, tough skin 1,
see invisible, strong-willed 1
a: Convert to Beogh


You were on level 3 of the Dungeon.
You visited 1 branch of the dungeon, and saw 3 of its levels.

You collected 72 gold pieces.

Inventory:

Hand Weapons
 a - a +0 dagger
 g - a +0 spectral quarterstaff
Armour
 b - a +0 robe (worn)
 c - a +0 hat (worn)
Jewellery
 i - a +6 ring of dexterity (left claw)
 l - a +6 ring of dexterity
Potions
 d - a potion of magic
 e - 3 potions of curing {unknown}
 f - 2 potions of might {unknown}
 j - a potion of heal wounds {unknown}
 k - a potion of degeneration {unknown}
 n - a potion of lignification {unknown}


   Skills:
 + Level 0.2 Fighting
 + Level 2.1 Dodging
 * Level 1.8 Stealth
 + Level 1.4 Unarmed Combat
 + Level 2.2 Spellcasting
 + Level 0.6 Conjurations
 + Level 0.6 Summonings
 + Level 0.6 Translocations


You had 4 spell levels left.
You knew the following spells:

 Your Spells              Type           Power      Damage    Failure   Level
a - Magic Dart            Conj           8%         1d3       24%         1
b - Blink                 Tloc           4%         N/A       34%         2

Your spell library contained the following spells:

 Spells                   Type           Power      Damage    Failure   Level
 Sting                    Conj/Alch      4%         1d3       26%         1
 Slow                     Hex            4%         N/A       30%         1
 Call Imp                 Summ           4%         N/A       34%         2
 Cigotuvi's Dreadful Rot  Necr/Alch/Air  2%         N/A       43%         2
 Mercury Vapours          Alch/Air       2%         N/A       43%         2
 Mephitic Cloud           Conj/Alch/Air  1%         N/A       63%         3
 Olgreb's Toxic Radiance  Alch           1%         N/A       97%         4


Dungeon Overview and Level Annotations

Branches:
Dungeon (3/15)

Altars:
Vehumet

Shops:
D:2 =


Innate Abilities, Weirdness & Mutations

You are too large for most types of armour.
You have claws for hands.
Your natural rate of healing is unusually fast.
You are covered in fur. (AC +1)
You have tough skin. (AC +1)
You have supernaturally acute eyesight. (SInv)
You are strong-willed. (Will+)


Message History

* * * LOW HITPOINT WARNING * * *
The orc misses you.
You scratch the orc but do no damage.
The orc is heavily wounded.
The orc hits you with a +0 mace.
* * * LOW HITPOINT WARNING * * *
The orc hits you with a +0 hand axe.
* * * LOW HITPOINT WARNING * * *
The orc shouts!
The orc hits you with a +0 hand axe.
* * * LOW HITPOINT WARNING * * *
You scratch the orc but do no damage.
The orc is heavily wounded.
You barely miss the orc.
The orc is heavily wounded.
The orc splashes around in the water.
The orc closely misses you.
You scratch the orc but do no damage.
The orc is heavily wounded.
The orc splashes around in the water.
The orc hits you with a +0 mace.
* * * LOW HITPOINT WARNING * * *
You scratch the orc.
You kill the orc!
You hear a splash. x2
The orc completely misses you.
You enter the shallow water.
The orc attacks as it pursues you! The orc hits you with a +0 mace.
* * * LOW HITPOINT WARNING * * *
You claw the orc!
You kill the orc!
You hear a splash.
You open the door. The orc hits you with a +0 club.
* * * LOW HITPOINT WARNING * * *
The orc hits you but does no damage.
The orc priest attacks as it pursues you!
The orc priest hits you but does no damage.
There is an open door here.
You barely miss the orc priest. You claw the orc priest.
The orc priest is lightly wounded.
The orc barely misses you. The orc priest hits you with a +0 mace.
You die...

............# #.##.######.###.
............####.##..........#
......†...~~~~~#.###......####
.####....~~#~#~#.# #...)..# #
###...~.#~ß#~.[# #......#
#..~~##~#.~~)#.# #......#
#...##~~~.##o#.# #......#
#..~#..~~~#.)oo# #......#######
#...'..~~.#.~#@#####'###†......
#..~'~.~._~......###.# #.######
#...'.~..~#~.....##..# #.#
#..~~...~.#.~....##.## #.#
#...##~~~~##.....##.# #.#
###..#~##.~#.....#..# #.#
##.~.~#~ß#.......## #.#
####~###~....>.........
#~....~....#######.#


You could see an orc priest and 2 orcs.

Vanquished Creatures
  2 adders (D:3)
  A dart slug (D:1)
  2 orcs (D:3)
  3 endoplasms
  A giant cockroach (D:3)
  3 goblins (D:1)
  4 hobgoblins (D:1)
  2 kobolds
  2 quokkas
  3 ball pythons
  4 bats
  2 frilled lizards
  3 rats
  A spectral hobgoblin (D:3)
33 creatures vanquished.

Notes
Turn   | Place    | Note
-------+----------+-------------------------------------------
     0 | D:1      | HC7 the Troll Hedge Wizard began the quest for the Orb.
     0 | D:1      | Reached XP level 1. HP: 16/16 MP: 2/2
    98 | D:1      | Reached XP level 2. HP: 24/24 MP: 4/4
   137 | D:1      | Learned a level 2 spell: Blink
   444 | D:1      | Reached XP level 3. HP: 31/31 MP: 5/5
   576 | D:2      | Found Fuarapt's Jewellery Shoppe.
   682 | D:2      | Reached skill level 1 in Unarmed Combat
  1055 | D:3      | Found a radiant altar of Vehumet.
  1197 | D:3      | Found a faded altar of an unknown god.
  1248 | D:3      | Reached XP level 4. HP: 38/39 MP: 6/6
  1269 | D:3      | Gained mutation: You have supernaturally acute eyesight.
                  | (SInv) [potion of mutation]
  1269 | D:3      | Gained mutation: You are strong-willed. (Will+) [potion of
                  | mutation]
  1297 | D:3      | Slain by an orc priest

Illustrated notes

Levels and vault maps discovered:
D:1:      dpeg_arrival_stonehenge_8_columns, layout_rooms
D:2:      layout_loops_ring, serial_shops, nicolae_shop_gaudy_bauble
D:3:      layout_basic, grunt_temple_overflow_lords_of_destruction,
          mainiacjoe_overflow_alcove_4, slow_altar_2,
          dreamdust_ecumenical_altar_drowned_temple, uniq_natasha

Skill      XL: |  1  2  3 |
---------------+----------+-----
Dodging        | 2 |  2.1
Unarmed Combat | 1 |  1.4
Fighting       | |  0.2
Stealth        | |  1.8
Spellcasting   | |  2.2
Conjurations   | |  0.6
Summonings     | |  0.6
Translocations | |  0.6

Action                     |  1- 3 |  4- 6 || total
---------------------------+-------+-------++-------
  Melee: Unarmed           |    72 |    19 ||    91
         Punch             |     1 |     1 ||     2
   Cast: Blink             |       |     1 ||     1
    Use: Scroll            |     2 |       ||     2
         Potion            |       |     1 ||     1
   Stab: Sleeping          |     3 |       ||     3
 Armour: Robe              |    51 |    27 ||    78
  Dodge: Dodged            |    33 |    12 ||    45

Table legend: (Time is in decaauts)
 A = Elapsed time spent in this place.
 B = Non-inter-level travel time spent in this place.
 C = Inter-level travel time spent in this place.
 D = Time resting spent in this place.
 E = Time spent auto-exploring this place.
 F = Levels seen in this place.
 G = Mean time per level.
                   A        B        C        D        E       F      G
               +--------+--------+--------+--------+--------+-----+--------+
         Total |   1292 |   1270 |     22 |      0 |    815 |   3 |  430.7 |
       Dungeon |   1292 |   1270 |     22 |      0 |    815 |   3 |  430.7 |
               +--------+--------+--------+--------+--------+-----+--------+

Top non-repeatable levels by time:
     D:2: 556 daAuts
     D:1: 475 daAuts
     D:3: 260 daAuts
